 Seeded DCSS version 0.29-a0-350-g7790a0e70a (webtiles) character file.

Game seed: 7774103814747607012 (custom seed)

21910 zeratav the Whirler (level 12, -5/64 HPs)
             Began as a Spriggan Hunter on Apr 22, 2022.
             Was an Initiate of Gozag.
             Killed from afar by Poshitef's ghost (36 damage)
             ... with a freezing blast
             ... on level 13 of the Dungeon.
             The game lasted 00:37:47 (14129 turns).

zeratav the Whirler (Spriggan Hunter)              Turns: 14129, Time: 00:37:47

Health: -5/64      AC:  2    Str:  7    XL:     12   Next: 58%
Magic:  13/13      EV: 29    Int: 16    God:    Gozag
Gold:   2491       SH:  0    Dex: 30    Spells: 11/11 levels left

rFire   + . .      SeeInvis +   M - +5 fustibalus (flame) {sling}
rCold   . . .      Faith    .   (shield currently unavailable)
rNeg    . . .      Spirit   .   J - +0 robe {rF+}
rPois   .          Reflect  .   (helmet restricted)
rElec   .          Harm     .   o - scarf {+Inv}
rCorr   .          Rampage  .   (gloves unavailable)
Will    ++...                   (boots unavailable)
Stlth   +++++.....              (no amulet)
HPRegen 0.20/turn               p - +6 ring of intelligence
MPRegen 0.13/turn               u - +6 ring of dexterity

@: slowed, quick
A: very small, no large weapons, unfitting armour, see invisible, speed 3
a: Renounce Religion, Evoke Invisibility, Potion Petition, Call Merchant, Bribe
Branch


You were on level 13 of the Dungeon.
You worshipped Gozag.
Gozag was most pleased with you.
You visited 2 branches of the dungeon, and saw 14 of its levels.
You also visited: Ice Cave.

You collected 3002 gold pieces.
You spent 429 gold pieces at shops.
You paid 82 gold pieces to Gozag.


Innate Abilities, Weirdness & Mutations

You are very small and have problems with some larger weapons.
You are too small for most types of armour.
You have supernaturally acute eyesight. (SInv)
You cover ground extremely quickly. (Speed+++)


   Skills:
 - Level 8.0 Fighting
 - Level 18.0 Slings
 + Level 9.6 Dodging
 - Level 10.0 Stealth
 - Level 10.0 Evocations


You had 11 spell levels left.
You didn't know any spells.
Your spell library contained the following spells:

 Spells                   Type           Power      Damage    Failure   Level
 Blink                    Tloc           0%         N/A       36%         2
 Static Discharge         Conj/Air       0%         N/A       36%         2
 Confusing Touch          Hex            0%         N/A       58%         3
 Ignite Poison            Fire/Tmut/Pois 0%         N/A       58%         3
 Inner Flame              Hex/Fire       0%         N/A       58%         3
 Lesser Beckoning         Tloc           0%         N/A       58%         3
 Mephitic Cloud           Conj/Pois/Air  0%         N/A       58%         3
 Cause Fear               Hex            0%         N/A       94%         4
 Petrify                  Tmut/Erth      0%         N/A       94%         4
 Alistair's Intoxication  Tmut/Pois      0%         N/A       100%        5
 Borgnjor's Vile Clutch   Necr/Erth      0%         N/A       100%        5
 Freezing Cloud           Conj/Ice/Air   0%         6-21      100%        5
 Lightning Bolt           Conj/Air       0%         1d11      100%        5
 Manifold Assault         Tloc           0%         N/A       100%        5
 Metabolic Englaciation   Hex/Ice        0%         N/A       100%        5
 Yara's Violent Unravell  Hex/Tmut       0%         3d3       100%        5
 Eringya's Noxious Bog    Tmut/Pois      0%         N/A       100%        6
 Statue Form              Tmut/Erth      0%         N/A       100%        6
 Enfeeble                 Hex            0%         N/A       100%        7
 Discord                  Hex            0%         N/A       100%        8
 Maxwell's Capacitive Co  Air            0%         ∞         100%        8

Inventory:

Hand Weapons
 M - a +5 fustibalus of flaming (weapon) {sling}
   (You bought it in a shop on level 2 of the Dungeon)
Missiles
 H - 10 poisoned darts {throwing}
Armour
 o - a scarf of invisibility (worn)
   (You found it on level 3 of the Dungeon)
 J - a +0 robe of fire resistance (worn)
   (You took it off an orc wizard on level 6 of the Dungeon)
Jewellery
 p - a +6 ring of intelligence (left hand)
   (You found it on level 3 of the Dungeon)
 u - a +6 ring of dexterity (right hand)
   (You took it off an orc on level 3 of the Dungeon)
 w - a ring of poison resistance
   (You found it on level 9 of the Dungeon)
 y - a ring of ice
   (You found it on level 7 of the Dungeon)
Wands
 a - a wand of flame (11)
   (You found it on level 12 of the Dungeon)
 l - a wand of polymorph (7)
   (You found it on level 2 of the Dungeon)
 q - a wand of paralysis (5)
   (You found it on level 13 of the Dungeon)
 t - a wand of acid (6)
   (You took it off an orc on level 3 of the Dungeon)
 B - a wand of digging (5)
   (You found it on level 4 of the Dungeon)
 S - a wand of mindburst (6)
   (You found it on level 10 of the Dungeon)
 W - a wand of iceblast (5)
   (You found it on level 13 of the Dungeon)
Scrolls
 b - a scroll of amnesia
 c - 3 scrolls of immolation {!r!r}
 d - 3 scrolls of fog
 e - 2 scrolls of magic mapping {!r}
 f - 9 scrolls of teleportation {@r4}
 j - 2 scrolls of holy word
 k - 5 scrolls of enchant armour
 r - a scroll of fear
 v - a scroll of vulnerability {!r!r}
 z - 2 scrolls of silence {!r}
 D - 3 scrolls of blinking {!r}
 E - a scroll of brand weapon
 G - 2 scrolls of summoning
Potions
 g - 6 potions of curing {@q1}
 h - 3 potions of flight {unknown}
 i - 4 potions of lignification {unknown}
 m - a potion of might {unknown}
 n - 3 potions of degeneration {unknown}
 s - 2 potions of mutation {unknown}
 x - 2 potions of attraction {unknown}
 A - 4 potions of heal wounds {unknown}
 C - a potion of berserk rage {unknown}
 F - 3 potions of cancellation {unknown}
 K - a potion of brilliance {unknown}
 L - 2 potions of ambrosia
 Q - a potion of haste {unknown}
 T - 3 potions of invisibility {unknown}

Dungeon Overview and Level Annotations

Branches:
Dungeon (13/15)            Temple (1/1) D:5            Lair (0/6) D:10
    Orc (0/2) D:11          IceCv (visited)
 Vaults: D:13-14

Altars:
Ashenzari
Cheibriados
Dithmenos
Elyvilon
Fedhas
Gozag
Hepliaklqana
Kikubaaqudgha
Makhleb
Nemelex Xobeh
Okawaru
Qazlal
Ru
Sif Muna
Trog
Uskayaw
Vehumet
Wu Jian
Xom
Yredelemnul
Zin
The Shining One

Shops:
D:2 (   D:5 (   D:7 :   D:13 !

Annotations:
D:5 Grum
D:8 2 transporters, HendSelp's ghost, novice OpTm
D:11 2 transporters, chopper's ghost, journeyman TrFi
D:13 Poshitef's ghost, journeyman DsIE

# #.##..#
######.####### #
#.##### #..###...#
# #.# #.###..... #
#.# ##.# #..(.. #
#.##########..#
#..... #
#............##
##...#
###..○○○.W...###
##### #
##☼○○°°.#....#### #
#..@○######.....###
# ##(####
##......## # ##<##
#(....... ####
#####.##
#######........
...#####...)##
##..........##.^
##...#.....##
##........#######
####<.....##
#..######## # #
##.#####
##.####...# # # ###
##.......## ###


You could see Poshitef's ghost.


Message History

Aim: an ice beast (moderately wounded, summoned, 76% to hit)
You shoot a sling bullet. The sling bullet hits the ice beast!!
The sling bullet melts the ice beast!
You kill the ice beast!
The ice beast disappears in a puff of smoke!
You now have 2491 gold pieces (gained 4).
HP[+1]
You start resting.
HP[+10]
Your hp is fully restored (64).
Fire: M) +5 fustibalus (flame) {sling}
Press: ? - help, Q - select action, (/) - cycle Shift-Dir - straight line, f - Poshitef's ghost
Aim: Poshitef's ghost, wielding a weapon of draining (wandering, hasn't noticed you, 68% to hit)
You shoot a sling bullet.
Poshitef's ghost turns its malevolent gaze towards you.
The sling bullet hits Poshitef's ghost!
The sling bullet burns Poshitef's ghost.
Poshitef's ghost says, "I have plenty of time to study, now."
Fire: M) +5 fustibalus (flame) {sling}
Press: ? - help, Q - select action, (/) - cycle Shift-Dir - straight line, f/p - Poshitef's ghost
Aim: Poshitef's ghost, wielding a weapon of draining (lightly damaged, 68% to hit)
You shoot a sling bullet. The sling bullet hits Poshitef's ghost.
Fire: M) +5 fustibalus (flame) {sling}
Press: ? - help, Q - select action, (/) - cycle Shift-Dir - straight line, f/p - Poshitef's ghost
Aim: Poshitef's ghost, wielding a weapon of draining (lightly damaged, 68% to hit)
You shoot a sling bullet. The sling bullet hits Poshitef's ghost.
Fire: M) +5 fustibalus (flame) {sling}
Press: ? - help, Q - select action, (/) - cycle Shift-Dir - straight line, f/p - Poshitef's ghost
Aim: Poshitef's ghost, wielding a weapon of draining (lightly damaged, 68% to hit)
You shoot a sling bullet. The sling bullet hits Poshitef's ghost!
The sling bullet burns Poshitef's ghost.
Poshitef's ghost casts a spell.
Poshitef's ghost casts a spell.
Poshitef's ghost mumbles some strange words.
Fire: M) +5 fustibalus (flame) {sling}
Press: ? - help, Q - select action, (/) - cycle Shift-Dir - straight line, f/p - Poshitef's ghost
Aim: Poshitef's ghost, wielding a weapon of draining (lightly damaged, 68% to hit)
You shoot a sling bullet. The sling bullet hits the ice beast.
The sling bullet melts the ice beast.
Poshitef's ghost gestures wildly while chanting.
Fire: M) +5 fustibalus (flame) {sling}
Press: ? - help, Q - select action, (/) - cycle Shift-Dir - straight line, f/p - Poshitef's ghost
Aim: Poshitef's ghost, wielding a weapon of draining (lightly damaged, 68% to hit)
You shoot a sling bullet. The sling bullet hits the ice beast.
The sling bullet melts the ice beast.
Fire: M) +5 fustibalus (flame) {sling}
Press: ? - help, Q - select action, (/) - cycle Shift-Dir - straight line, f/p - Poshitef's ghost
Aim: Poshitef's ghost, wielding a weapon of draining (lightly damaged, 68% to hit)
You shoot a sling bullet. The sling bullet hits the ice beast!
The sling bullet melts the ice beast!
Fire: M) +5 fustibalus (flame) {sling}
Press: ? - help, Q - select action, (/) - cycle Shift-Dir - straight line, f/p - Poshitef's ghost
Aim: Poshitef's ghost, wielding a weapon of draining (lightly damaged, 68% to hit)
You shoot a sling bullet. The sling bullet hits the ice beast!
The sling bullet melts the ice beast.
You kill the ice beast!
The ice beast disappears in a puff of smoke!
Fire: M) +5 fustibalus (flame) {sling}
Press: ? - help, Q - select action, (/) - cycle Shift-Dir - straight line, f/p - Poshitef's ghost
Aim: Poshitef's ghost, wielding a weapon of draining (lightly damaged, 68% to hit)
You shoot a sling bullet.
The sling bullet completely misses Poshitef's ghost.
The sling bullet hits the ice beast!!
The sling bullet melts the ice beast.
You kill the ice beast!
The ice beast disappears in a puff of smoke!
Fire: M) +5 fustibalus (flame) {sling}
Press: ? - help, Q - select action, (/) - cycle Shift-Dir - straight line, f/p - Poshitef's ghost
Aim: Poshitef's ghost, wielding a weapon of draining (lightly damaged, 68% to hit)
You shoot a sling bullet. The sling bullet hits Poshitef's ghost.
Fire: M) +5 fustibalus (flame) {sling}
Press: ? - help, Q - select action, (/) - cycle Shift-Dir - straight line, f/p - Poshitef's ghost
Aim: Poshitef's ghost, wielding a weapon of draining (lightly damaged, 68% to hit)
You shoot a sling bullet. The sling bullet hits Poshitef's ghost.
The sling bullet burns Poshitef's ghost.
Fire: M) +5 fustibalus (flame) {sling}
Press: ? - help, Q - select action, (/) - cycle Shift-Dir - straight line, f/p - Poshitef's ghost
Aim: Poshitef's ghost, wielding a weapon of draining (moderately damaged, 68% to hit)
You shoot a sling bullet.
The sling bullet barely misses Poshitef's ghost.
Poshitef's ghost casts a spell.
Poshitef's ghost radiates an aura of cold.
You feel yourself slow down. Poshitef's ghost casts a spell at you.
The freezing blast misses you.
Fire: M) +5 fustibalus (flame) {sling}
Press: ? - help, Q - select action, (/) - cycle Shift-Dir - straight line, f/p - Poshitef's ghost
Aim: Poshitef's ghost, wielding a weapon of draining (moderately damaged, 68% to hit)
You shoot a sling bullet. The sling bullet hits Poshitef's ghost!
The sling bullet burns Poshitef's ghost.
You are engulfed in freezing vapours.
HP[-19]
You take 19 damage, and now have 45/64 hp.
MASSIVE DAMAGE!! (PAUSE)
You are engulfed in freezing vapours.
* * * LOW HITPOINT WARNING * * *
Poshitef's ghost points at you and mumbles some strange words.
The freezing blast engulfs you!!!
Ouch! That really hurt!
You die...
Your body crumbles into a pile of gold.

Skill      XL: |  1  2  3  4  5  6  7  8  9 10 11 12 |
---------------+-------------------------------------+-----
Slings         | 5 6 7 8 10 12 16 18 | 18.0
Dodging        | 7 8 9 |  9.6
Fighting       | 4 8 |  8.0
Evocations     | 9 10 | 10.0
Stealth        | 10 | 10.0

Action                   |  1- 3 |  4- 6 |  7- 9 | 10-12 || total
-------------------------+-------+-------+-------+-------++-------
 Fire: Hunting sling     |   130 |   114 |   250 |       ||   494
       Fustibalus        |       |       |   105 |   406 ||   511
  Use: Scroll            |       |       |     7 |    10 ||    17
Armor: Robe              |     6 |       |     6 |     1 ||    13
Dodge: Dodged            |    54 |    34 |    72 |    57 ||   217

Levels and vault maps discovered:
D:1:      tarquinn_simple_flora_water_d, layout_basic,
          hellmonk_ecumenical_altar_lost_god
D:2:      layout_basic, serial_shops,
          nicolae_shop_temple_entry_statues_fountains
D:3:      layout_rooms, kennysheep_generic_room_13
D:4:      layout_loops_ring, grunt_temple_overflow_open,
          worldfamousw_hep_ancestral_shrine
D:5:      layout_cave_pools, lemuel_temple_firewalk_b, serial_gnoll_camp,
          gnoll_camp_huts_basic, grums_kennel, gnoll_camp_mini_house,
          gnoll_camp_mini_shop, gnoll_camp_mini_hut, uniq_menkaure, uniq_ijyb
D:6:      layout_gridville, nzn_wu_jian_council_hall,
          nicolae_vehumet_altar_sigil, mainiacjoe_overflow_surrounded_room,
          minmay_hedge_maze, uniq_grinder, uniq_crazy_yiuf_cottage
D:7:      layout_gridville, tso_altar, serial_shops, kennysheep_mini_moat
D:8:      layout_loops_ring, lemuel_coloured_pillars_altar, gammafunk_ghost_hive
D:9:      layout_loops_ring
D:10:     layout_loops_corners, erik_lair_orcish_takeover
D:11:     layout_basic, orc_0_dummy, gammafunk_ghost_arena
D:12:     layout_cross, nicolae_ru_the_path_less_chosen
D:13:     layout_layer_cave, serial_shops, shop, gammafunk_ghost_necromancy,
          portal_ice_cave_entry_pillars_1, serial_park_tiny_1,
          minmay_three_doors, uniq_lodul
Temple:   jpeg_temple_island

Notes
Turn   | Place    | Note
-------+----------+-------------------------------------------
     0 | D:1      | zeratav the Spriggan Hunter began the quest for the Orb.
     0 | D:1      | Reached XP level 1. HP: 10/10 MP: 2/2
     0 | D:1      | magus.rc [v1.9.6]
    47 | D:1      | Reached skill level 5 in Slings
   159 | D:1      | Reached XP level 2. HP: 14/14 MP: 3/3
   206 | D:1      | Found a faded altar of an unknown god.
   477 | D:2      | Found Joxaot's Weapon Shop.
   504 | D:1      | Reached skill level 6 in Slings
   504 | D:1      | Reached XP level 3. HP: 9/18 MP: 4/4
  1146 | D:3      | HP: 4/18 [poisoned by an adder]
  1292 | D:3      | Reached XP level 4. HP: 14/22 MP: 5/5
  1564 | D:3      | Reached skill level 7 in Slings
  1598 | D:3      | Identified the +5 falchion of the Endless Expanse {freeze,
                  | rElec Int-4 SInv}
  1803 | D:4      | Found a snail-covered altar of Cheibriados.
  1805 | D:4      | Noticed a scorpion
  1815 | D:4      | Killed a scorpion
  1816 | D:4      | Reached XP level 5. HP: 19/25 MP: 6/6
  1889 | D:4      | Found an iron altar of Okawaru.
  1890 | D:4      | Found a broken altar of Ashenzari.
  1891 | D:4      | Found an ancient bone altar of Kikubaaqudgha.
  1892 | D:4      | Found a white marble altar of Elyvilon.
  1892 | D:4      | Found a hide-covered altar of Uskayaw.
  1893 | D:4      | Found a sacrificial altar of Ru.
  1993 | D:4      | Identified the +8 short sword "Kuakk" {venom, +Blink Will+
                  | Int+3}
  2065 | D:4      | Noticed a water moccasin
  2138 | D:4      | Killed a water moccasin
  2139 | D:4      | Reached skill level 8 in Slings
  2139 | D:4      | Reached XP level 6. HP: 30/30 MP: 7/7
  2184 | D:4      | Noticed a water moccasin
  2220 | D:4      | Killed a water moccasin
  2221 | D:4      | Reached skill level 9 in Slings
  2810 | D:4      | Found a hazy altar of Hepliaklqana.
  2861 | D:5      | Entered Level 5 of the Dungeon
  2867 | D:5      | Noticed Menkaure
  2888 | D:4      | Killed Menkaure
  2889 | D:4      | Reached skill level 10 in Slings
  2889 | D:4      | Reached XP level 7. HP: 19/33 MP: 8/8
  3306 | D:5      | Noticed Ijyb
  3318 | D:5      | Killed Ijyb
  3424 | D:5      | Found a staircase to the Ecumenical Temple.
  3433 | Temple   | Entered the Ecumenical Temple
  3661 | Temple   | Became a worshipper of Gozag Ym Sagoz the Greedy
  3815 | D:5      | Reached skill level 11 in Slings
  3988 | D:5      | Noticed Grum
  4094 | D:5      | Found Junneyfi's Antique Weapon Shoppe.
  4204 | D:5      | Reached skill level 12 in Slings
  4204 | D:5      | Reached XP level 8. HP: 27/37 MP: 9/9
  4210 | D:5      | Reached skill level 3 in Dodging
  4264 | D:5      | Reached skill level 2 in Fighting
  4337 | D:5      | You pick up a book of Misfortune and begin reading...
  4337 | D:5      | You add the spells Confusing Touch, Yara's Violent
                  | Unravelling and Enfeeble to your library.
  4363 | D:5      | You pick up a book of Spatial Translocations and begin
                  | reading...
  4363 | D:5      | You add the spells Blink, Lesser Beckoning and Manifold
                  | Assault to your library.
  4672 | D:5      | Reached skill level 4 in Dodging
  4819 | D:5      | You pick up a book of Lightning and begin reading...
  4819 | D:5      | You add the spells Static Discharge, Lightning Bolt and
                  | Maxwell's Capacitive Coupling to your library.
  4956 | D:5      | Reached skill level 3 in Fighting
  4956 | D:5      | Reached skill level 5 in Dodging
  5561 | D:2      | Bought a +2 fustibalus of flaming for 429 gold pieces
  5660 | D:6      | Reached skill level 4 in Fighting
  5660 | D:6      | Reached skill level 6 in Dodging
  5843 | D:6      | Noticed a komodo dragon
  5853 | D:6      | Killed a komodo dragon
  5854 | D:6      | Reached skill level 7 in Dodging
  5854 | D:6      | Reached XP level 9. HP: 46/46 MP: 10/10
  5879 | D:6      | Found a sparkling altar of Nemelex Xobeh.
  5987 | D:6      | Found an ornate altar of the Wu Jian Council.
  6035 | D:6      | Found a radiant altar of Vehumet.
  6093 | D:6      | Noticed Grinder
  6111 | D:6      | Reached skill level 5 in Fighting
  6114 | D:6      | Killed Grinder
  6115 | D:6      | Reached skill level 8 in Dodging
  6255 | D:6      | Found a runed translucent door.
  6256 | D:6      | Noticed Crazy Yiuf
  6533 | D:6      | Killed Crazy Yiuf
  6636 | D:7      | Reached skill level 6 in Fighting
  7075 | D:7      | Found Wadaff's Book Boutique.
  7200 | D:7      | Found a glowing golden altar of the Shining One.
  7431 | D:8      | You pick up a book of Sloth and begin reading...
  7431 | D:8      | You add the spells Petrify, Metabolic Englaciation and
                  | Statue Form to your library.
  7440 | D:8      | Reached skill level 7 in Fighting
  7500 | D:8      | Reached skill level 8 in Fighting
  7517 | D:8      | Reached XP level 10. HP: 33/56 MP: 11/11
  7743 | D:8      | Noticed HendSelp's ghost (novice OpTm)
  7745 | D:8      | Found a transporter.
  7750 | D:8      | Found a transporter.
  7918 | D:8      | Identified the +7 dagger "Muweko" {drain, rPois rC+ Int+2
                  | Dex-3}
  7968 | D:8      | Reached skill level 13 in Slings
  8255 | D:8      | Found a shimmering altar of Xom.
  8426 | D:9      | Reached skill level 14 in Slings
  8822 | D:9      | Identified the +4 pair of gloves of Transparent Awe {rPois
                  | rC+++ Will- Int+4}
  9021 | D:9      | Noticed a two-headed ogre
  9024 | D:9      | Killed a two-headed ogre
  9273 | D:10     | Entered Level 10 of the Dungeon
  9299 | D:10     | HP: 9/56 [acid dragon/splash of acid (29)]
  9583 | D:10     | Reached skill level 15 in Slings
 10185 | D:10     | Found a staircase to the Lair.
 10484 | D:11     | Reached skill level 16 in Slings
 10484 | D:11     | Reached XP level 11. HP: 60/60 MP: 12/12
 10537 | D:11     | Found a staircase to the Orcish Mines.
 10541 | D:11     | Noticed an ice dragon
 10543 | D:11     | Noticed chopper's ghost (journeyman TrFi)
 10589 | D:11     | HP: 13/60 [electric eel/bolt of electricity (6)]
 11182 | D:11     | Found a transporter.
 11311 | D:11     | Noticed a four-headed hydra
 11313 | D:11     | Noticed a two-headed ogre
 11325 | D:11     | Killed a four-headed hydra
 11326 | D:11     | Reached skill level 17 in Slings
 11329 | D:11     | Killed a two-headed ogre
 11611 | D:11     | Found a transporter.
 11851 | D:11     | Reached skill level 18 in Slings
 11851 | D:11     | Reached skill level 1 in Evocations
 11911 | D:12     | Reached skill level 2 in Evocations
 11916 | D:12     | Reached skill level 3 in Evocations
 11921 | D:12     | Reached skill level 4 in Evocations
 12011 | D:12     | Reached skill level 5 in Evocations
 12022 | D:12     | You add the spells Ignite Poison, Mephitic Cloud and
                  | Freezing Cloud to your library.
 12069 | D:12     | Found a sacrificial altar of Ru.
 12104 | D:12     | Reached skill level 6 in Evocations
 12219 | D:13     | Noticed a two-headed ogre
 12232 | D:13     | Killed a two-headed ogre
 12233 | D:13     | Reached skill level 7 in Evocations
 12254 | D:13     | Noticed a centaur warrior
 12261 | D:13     | Killed a centaur warrior
 12262 | D:13     | Reached skill level 8 in Evocations
 12765 | D:13     | Found Pyuvuz's Distillery.
 12784 | D:13     | You pick up a book of Hexes and begin reading...
 12784 | D:13     | You add the spells Inner Flame, Cause Fear and Discord to
                  | your library.
 12792 | D:13     | Noticed a tengu warrior
 12808 | D:13     | Killed a tengu warrior
 12809 | D:13     | Reached skill level 9 in Evocations
 12809 | D:13     | Reached XP level 12. HP: 64/64 MP: 13/13
 12850 | D:13     | Found a frozen archway.
 12872 | IceCv    | Entered an ice cave
 13121 | IceCv    | Reached skill level 10 in Evocations
 13121 | IceCv    | Reached skill level 2 in Stealth
 13125 | IceCv    | Found a transporter.
 13139 | IceCv    | You add the spells Alistair's Intoxication, Borgnjor's Vile
                  | Clutch and Eringya's Noxious Bog to your library.
 13151 | IceCv    | Found a transporter.
 13295 | D:13     | Reached skill level 3 in Stealth
 13382 | D:13     | Reached skill level 4 in Stealth
 13486 | D:13     | Noticed a two-headed ogre
 13499 | D:13     | Killed a two-headed ogre
 13500 | D:13     | Reached skill level 6 in Stealth
 13507 | D:13     | Noticed Lodul
 13513 | D:13     | Killed Lodul
 13514 | D:13     | Reached skill level 7 in Stealth
 13517 | D:13     | Noticed a two-headed ogre
 13528 | D:13     | Killed a two-headed ogre
 13529 | D:13     | Reached skill level 8 in Stealth
 13662 | D:13     | Noticed a six-headed hydra
 13675 | D:13     | Killed a six-headed hydra
 13676 | D:13     | Reached skill level 9 in Stealth
 13716 | D:13     | Reached skill level 10 in Stealth
 13727 | D:13     | Noticed a yaktaur captain
 13796 | D:13     | Found a runed translucent gate.
 13796 | D:13     | Found a runed translucent gate.
 13797 | D:13     | Found a runed translucent gate.
 13798 | D:13     | Noticed Poshitef's ghost (journeyman DsIE)
 13973 | D:13     | Reached skill level 9 in Dodging
 14129 | D:13     | Killed from afar by Poshitef's ghost

Vanquished Creatures
  2 hydras
  5 two-headed ogres
  A centaur warrior (D:13)
  A tengu warrior (D:13)
  Lodul (D:13)
  A spectral wolf spider (D:13)
  3 ugly things
  4 cyclopes
  A spectral centaur (D:13)
  A gargoyle (D:13)
  A komodo dragon (D:6)
  A spectral redback (D:13)
  A harpy zombie (D:13)
  5 trolls
  A hornet (D:10)
  A wolf spider simulacrum (D:13)
  Grinder (D:6)
  5 slime creatures (D:11)
  A dire elephant simulacrum (IceCv)
  2 wraiths
  16 yaks
  2 vampires
  A steam dragon (D:8)
  3 vampire mosquitoes (D:12)
  Menkaure (D:4)
  2 acid dragons
  3 wargs (D:10)
  3 water moccasins
  3 orc warriors
  A black bear (D:5)
  2 ice beasts
  7 ogres
  A sky beast (D:8)
  9 centaurs
  A phantom (D:6)
  A bullfrog (D:6)
  A kobold brigand (D:8)
  5 gnoll sergeants
  4 scorpions
  A cane toad simulacrum (IceCv)
  6 killer bees (D:9)
  2 howler monkeys (D:11)
  6 electric eels (D:11)
  2 jellies
  10 hounds (D:5)
  Crazy Yiuf (D:6)
  6 orc priests
  2 gnoll shamans
  11 orc wizards
  Ijyb (D:5)
  3 wolf simulacra (IceCv)
  21 gnolls
  7 adders
  An ufetubus (D:5)
  3 worms
  A dart slug (D:3)
  16 orcs
  6 endoplasms
  2 giant cockroaches (D:1)
  3 goblins
  7 hobgoblins
  5 jackals
  A quokka (D:4)
  5 ball pythons
  4 bats
  3 frilled lizards
  14 kobolds
  8 rats
263 creatures vanquished.

Table legend:
 A = Non-vault XP
 B = Vault XP
 C = Vault XP percentage of total XP
 D = Non-vault monster count
 E = Vault monster count
 F = Vault count percentage of total count
                 A         B        C        D         E       F
            +---------+---------+-------+---------+---------+-------
      Total |   22729 |    8572 |  27.4 |     204 |      59 |  22.4
            +---------+---------+-------+---------+---------+-------
        D:1 |      50 |       0 |   0.0 |      24 |       0 |   0.0
        D:2 |      20 |       0 |   0.0 |      13 |       0 |   0.0
        D:3 |      49 |       4 |   7.5 |      12 |       1 |   7.7
        D:4 |     530 |     175 |  24.8 |      17 |       1 |   5.6
        D:5 |     437 |     924 |  67.9 |      12 |      27 |  69.2
        D:6 |    1190 |     303 |  20.3 |      10 |       2 |  16.7
        D:7 |     498 |       0 |   0.0 |      12 |       0 |   0.0
        D:8 |    2376 |       0 |   0.0 |      28 |       0 |   0.0
        D:9 |    2542 |       0 |   0.0 |      14 |       0 |   0.0
       D:10 |    1401 |     585 |  29.5 |      13 |       8 |  38.1
       D:11 |    5845 |       0 |   0.0 |      25 |       0 |   0.0
       D:12 |    2388 |       0 |   0.0 |      16 |       0 |   0.0
       D:13 |    5403 |    5691 |  51.3 |       8 |      14 |  63.6
      IceCv |       0 |     890 | 100.0 |       0 |       6 | 100.0
            +---------+---------+-------+---------+---------+-------

Illustrated notes

Table legend:
 A = Kills in this place as a percentage of kills in entire the game.
 B = Kills by you in this place as a percentage of kills by you in the entire game.
 C = Kills by friends in this place as a percentage of kills by friends in the entire game.
 D = Other kills in this place as a percentage of other kills in the entire game.
 E = Experience gained in this place as a percentage of experience gained in the entire game.
 F = Experience gained in this place divided by the number of levels of this place that you have seen.
                   A       B       C       D       E      F
               +-------+-------+-------+-------+-------+----------------------
         Total | 100.0 | 100.0 |   N/A |   N/A | 100.0 | 2086.7
       Dungeon |  97.7 |  97.7 |   N/A |   N/A |  97.2 | 2339.3
      Ice Cave |   2.3 |   2.3 |   N/A |   N/A |   2.8 | 890.0
               +-------+-------+-------+-------+-------+----------------------

Table legend: (Time is in decaauts)
 A = Elapsed time spent in this place.
 B = Non-inter-level travel time spent in this place.
 C = Inter-level travel time spent in this place.
 D = Time resting spent in this place.
 E = Time spent auto-exploring this place.
 F = Levels seen in this place.
 G = Mean time per level.
                   A        B        C        D        E       F      G
               +--------+--------+--------+--------+--------+-----+--------+
         Total |  10376 |   9716 |    660 |   2757 |   4010 |  15 |  691.7 |
       Dungeon |   9899 |   9269 |    630 |   2534 |   3849 |  13 |  761.5 |
        Temple |    195 |    165 |     30 |      0 |    161 |   1 |  195.0 |
      Ice Cave |    281 |    281 |      0 |    223 |      0 |   1 |  281.0 |
               +--------+--------+--------+--------+--------+-----+--------+

Top non-repeatable levels by time:
     D:5: 1499 daAuts
     D:4: 1189 daAuts
    D:10: 911 daAuts
    D:13: 849 daAuts
     D:6: 749 daAuts
    D:11: 700 daAuts
     D:9: 695 daAuts
     D:3: 693 daAuts
     D:8: 661 daAuts
    D:12: 562 daAuts
     D:7: 552 daAuts
     D:1: 497 daAuts
     D:2: 337 daAuts
   IceCv: 281 daAuts
  Temple: 195 daAuts
